[Event "*** Titled Tuesday Blitz"]
[Site "Chess.com"]
[Date "2021.04.06"]
[Round "3"]
[White "Vincent_Vega95"]
[Black "Savagelittlemole"]
[Result "1-0"]
[WhiteElo "2711"]
[BlackElo "2496"]
[TimeControl "180+1"]
[EndTime "10:30:21 PDT"]
[Termination "Vincent_Vega95 won by resignation"]

1. Nf3 Nf6 2. g3 g6 3. Bg2 Bg7 4. O-O O-O 5. d3 d5 6. Nbd2 c5 7. e4 Nc6 8. Re1 e5 9. a3 Re8 10. Rb1 a5 11. a4 Bg4 12. h3 Be6 13. Ng5 Bc8 14. exd5 Nxd5 15. Nc4 f6 16. Ne4 Bf8 17. Ned6 Bxd6 18. Bxd5+ Kh8 19. Bg2 Bf8 20. f4 Be6 21. fxe5 Bxc4 22. dxc4 Nxe5 23. Bxb7 Rb8 24. Bd5 Qd7 25.
Kg2 Qxa4 26. b3 Qd7 27. Ra1 Nc6 28. Rxe8 Rxe8 29. Bb2 Nd4 30. Bxd4 cxd4 31. Qxd4 Re2+ 32. Kf3 Rxc2 33. Qxf6+ Bg7 34. Qf4 Qe8 35. Be4 Rc3+ 36. Kg2 Rxb3 37. Rxa5 Rb2+ 38. Kh1 Rb8 39. Ra7 Qd8 40.
Bd5 Qb6 41. Qxb8+ Qxb8 42. Ra8 Qxa8 43. Bxa8 Bd4 44. Kg2 Kg7 45. Kf3 Kf6 46. Ke4 Bf2 47.
g4 Ke6 48. Bd5+ Kd6 49. Bg8 h6 50. Bh7 g5 51. Kf5 Be3 52. Kg6 Kc5 53. Bg8 Kd4 54. Kxh6 Bf4 55. Kg6 Ke5 56. Kh5 Be3 57. h4 gxh4 58.
Kxh4 Kf6 59. Kh5 Bg5 60. Bd5 Be3 61. Kh4 Bg5+ 62. Kg3 Be3 63. Kf3 Bc5 64. Ke4 Kg5 65. Be6 Kf6 66. Kd5 Bf2 67. Bc8 Ke7 68. c5 Kd8 69.
Bf5 Kc7 70. c6 Be3 71. Bd7 Bg5 72. Ke6 Bc1 73. Kf5 Kd6 74. g5 Kc7 75. g6 Bb2 76. Ke6 Kd8 77. Kf7 Kc7 78. g7 Bxg7 79. Kxg7 Kd6 80. Kf7 Kc7 81. Ke6 Kd8 82. Kd5 Kc7 83. Kc5 Kb8 84. Bg4 Kc7 85. Kb5 Kd8 86. Kb6 Ke7 87.
c7 1-0

[Event "*** Titled Tuesday Blitz"]
[Site "Chess.com"]
[Date "2021.04.06"]
[Round "3"]
[White "gxbg2000"]
[Black "ahmad_alkhatib11"]
[Result "1/2-1/2"]
[WhiteElo "2004"]
[BlackElo "2287"]
[TimeControl "180+1"]
[EndTime "10:30:22 PDT"]
[Termination "Game drawn by stalemate"]

1. e4 c5 2. f4 d5 3. exd5 Nf6 4. Nf3 Nxd5 5. d3 Nc6 6. Be2 g6 7. O-O Bg7 8. c3 O-O 9. Na3 b6 10. Nc4 Qc7 11. Qc2 Nxf4 12. Bxf4 Qxf4 13. Nfe5 Bxe5 14. Rxf4 Bxf4 15. Bf3 Bb7 16. Rf1 Bh6 17. Qe2 Rad8 18. Ne5 Nxe5 19. Qxe5 Bxf3 20. Rxf3 Rd7 21. g4 Rfd8 22.
g5 Bg7 23. Qf4 e6 24. Qe4 Rd5 25. h4 R8d7 26. Kg2 h6 27. gxh6 Bxh6 28. c4 Rd4 29.
Qa8+ Kg7 30. Qb8 Rxh4 31. Qe5+ Kg8 32. Qb8+ Kh7 33. Qe8 Rc7 34. Rxf7+ Rxf7 35. Qxf7+ Bg7 36.
Qxe6 Rd4 37. Qe3 Rg4+ 38. Kf3 Rd4 39. Ke2 Rh4 40. Qg3 Rh5 41. Qc7 Re5+ 42. Kd2 Rh5 43. Qxa7 Rh2+ 44. Ke3 Rxb2 45. a4 Ra2 46. Qxb6 Rxa4 47.
Qxc5 Ra1 48. Ke4 Re1+ 49. Kf3 Rf1+ 50. Ke2 Rf5 51. Qd6 Re5+ 52. Kd2 Bh6+ 53. Kc2 Bg7 54. Kb3 Re3 55. Kb4 Rf3 56. Kb5 Rf5+ 57. c5 Bf8 58. Qh2+ Kg7 59. d4 Rf3 60. Qc7+ Rf7 61. Qe5+ Rf6 62. c6 Kf7 63. d5 Rf5 64. Qc7+ Kf6 65.
Kc4 Bd6 66. Qd7 Rf4+ 67. Kb5 Ke5 68. c7 Rf5 69. Kc6 Rf4 70. Qxd6+ Ke4 71. Qxf4+ Kxf4 72. c8=Q g5 73. Qe6 g4 74. d6 Kg3 75. d7 Kg2 76. d8=Q g3 77. Qdg8 Kg1 78. Qe3+ Kf1 79. Qgxg3 1/2-1/2

[Event "*** Titled Tuesday Blitz"]
[Site "Chess.com"]
[Date "2021.04.06"]
[Round "3"]
[White "Stormeman100100"]
[Black "manuellarrea"]
[Result "1/2-1/2"]
[WhiteElo "2509"]
[BlackElo "2255"]
[TimeControl "180+1"]
[EndTime "10:30:24 PDT"]
[Termination "Game drawn - insufficient material"]

1. d4 Nf6 2. c4 e6 3. Nf3 d5 4. Nc3 c5 5. cxd5 Nxd5 6. e4 Nxc3 7. bxc3 cxd4 8. cxd4 Bb4+ 9. Bd2 Bxd2+ 10. Qxd2 O-O 11. Rc1 Nd7 12. Bd3 b6 13. O-O Bb7 14. Qf4 Rc8 15. Rxc8 Qxc8 16. Rc1 Qb8 17. Qxb8 Rxb8 18. Rc7 Nf6 19.
Ng5 h6 20. Nxf7 Bxe4 21. Bxe4 Nxe4 22. Ne5 Rd8 23. Nc6 Rd6 24. f3 Nf6 25. Rc8+ Kh7 26.
Kf2 a6 27. h4 h5 28. Ke3 a5 29. Kf4 Rd5 30. g4 hxg4 31. fxg4 a4 32. Rb8 b5 33. g5 Nh5+ 34. Kg4 g6 35. Rb7+ Kh8 36. Re7 Rd6 37.
Rc7 Ng7 38. Kf3 Nf5 39. Ke4 Nxh4 40. Ne5 Kg8 41. Rb7 Rd5 42. Nc6 Kf8 43. Nb4 Rd6 44.
Rxb5 Nf5 45. d5 exd5+ 46. Nxd5 Ne7 47. Rb8+ Kf7 48. Rb7 Re6+ 49. Kd4 Re1 50. Rxe7+ Rxe7 51. Nxe7 Kxe7 52. Ke5 Kf7 53. a3 Ke7 54. Kd5 Kd7 55.
Kc5 Ke6 56. Kb5 Kf5 57. Kxa4 Kxg5 58. Kb5 Kf4 59. a4 g5 60. a5 g4 61. a6 g3 62. a7 g2 63. a8=Q g1=Q 64. Qf8+ Ke4 65.
Qe7+ Kf3 66. Qf6+ Ke2 67. Qb2+ Kf1 68. Kc4 Qf2 69. Qc1+ Qe1 70. Qf4+ Qf2 71. Qd4 Qe2+ 72. Kc3 Qe1+ 73. Kc2 Qf2+ 74. Qxf2+ Kxf2 1/2-1/2

[Event "*** Titled Tuesday Blitz"]
[Site "Chess.com"]
[Date "2021.04.06"]
[Round "3"]
[White "MIJuanReyesRosa"]
[Black "Trickster_Pony"]
[Result "0-1"]
[WhiteElo "1986"]
[BlackElo "1543"]
[TimeControl "180+1"]
[EndTime "10:30:24 PDT"]
[Termination "Trickster_Pony won by checkmate"]

1. d4 d5 2. c4 Nc6 3. e3 e5 4. cxd5 Qxd5 5. Nc3 Bb4 6. Nf3 Bg4 7. Be2 exd4 8. O-O Bxc3 9. bxc3 d3 10. Qxd3 Bxf3 11. gxf3 Qg5+ 12. Kh1 Nf6 13. Rg1 Qe5 14. Ba3 Rd8 15.
Qb5 Qxb5 16. Bxb5 g6 17. e4 a6 18. Ba4 b5 19. Bb3 Na5 20. e5 Nd5 21. Rad1 Nxb3 22. axb3 Nxc3 23. Rc1 Nd5 24. Rgd1 b4 25. Bb2 O-O 26.
Rc5 Nc3 27. Rxd8 Rxd8 28. Bxc3 bxc3 29. Rxc3 Rd1+ 30. Kg2 Re1 31. f4 Re4 32. Kf3 Rb4 33. Rxc7 Rxb3+ 34. Ke4 a5 35. Ra7 Rb4+ 36. Kd5 Rxf4 37.
Rxa5 Rxf2 38. h4 Rh2 39. Ra4 h5 40. e6 fxe6+ 41. Kxe6 Kg7 42. Ra7+ Kh6 43. Ra4 Re2+ 44. Kf6 Rf2+ 45. Ke6 Rg2 46. Kf6 Rg4 47. Ra8 Rf4+ 48.
Ke5 Rxh4 49. Rh8+ Kg5 50. Ra8 Rg4 51. Ra1 Kh4 52. Rh1+ Kg3 53. Rf1 Kg2 54. Rf6 h4 55. Rf8 h3 56. Rh8 h2 57. Kf6 h1=Q 58. Rxh1 Kxh1 59. Ke5 Rg1 60. Kf6 g5 61. Ke5 g4 62.
Kf6 g3 63. Ke5 g2 64. Kd5 Rf1 65. Ke6 g1=Q 66. Ke5 Qe3+ 67. Kd5 Rd1+ 68. Kc4 Qc1+ 69. Kb3 Rd3+ 70. Ka2 Rd2+ 71. Kb3 Qc2+ 72. Ka3 Qc3+ 73. Ka4 Rd4+ 74. Kb5 Qc4+ 75. Kb6 Rd6+ 76. Kb7 Qc6+ 77. Ka7 Rd7+ 78. Kb8 Qc7+ 79. Ka8 Qb7# 0-1

[Event "*** Titled Tuesday Blitz"]
[Site "Chess.com"]
[Date "2021.04.06"]
[Round "3"]
[White "Mamedyarov_twitch"]
[Black "Kostya_Nikologorskiy"]
[Result "1-0"]
[WhiteElo "3004"]
[BlackElo "2672"]
[TimeControl "180+1"]
[EndTime "10:30:28 PDT"]
[Termination "Mamedyarov_twitch won by resignation"]

1. e4 e6 2. d4 d5 3. exd5 exd5 4.
Bd3 Bd6 5. Nf3 Nc6 6. O-O Bg4 7. Re1+ Nge7 8. c3 Qd7 9. h3 Bh5 10. Nbd2 O-O-O 11. b4 Rde8 12. Nb3 Ng6 13. Be2 Bxf3 14. Bxf3 Rxe1+ 15. Qxe1 Re8 16. Qd1 Qe6 17. Bd2 Nh4 18. b5 Nb8 19. Nc5 Bxc5 20. dxc5 Nd7 21. Be3 Nxf3+ 22. Qxf3 Ne5 23. Qh5 Nc4 24. Bd4 g6 25.
Qxh7 Qf5 26. Qg7 Na3 27. b6 axb6 28. cxb6 c6 29. Rf1 Kd7 30. f4 Nc2 31. Be5 Ne3 32. Rf3 Nc4 33. Bd4 Nd2 34. Rf2 Qb1+ 35. Kh2 Nf1+ 36. Rxf1 Qxf1 37. Qxf7+ Re7 38. Qf8 Re2 39. Qf7+ Re7 40. Qf6 Re2 41. Qg5 Re6 42. Be5 c5 43. Qh6 Kc6 44. Qg7 Kxb6 45. Qd7 Rc6 46. Qd8+ Ka6 47. Qxd5 Qb5 48. c4 Qa4 49. Qg8 Ka7 50. Qb8+ Kb6 51. Qd8+ Ka7 52. Bb8+ Ka6 53. Bc7 Qxc4 54.
Qb8 Qd5 55. Qa8+ Kb5 56. Qa5+ Kc4 57. Qa4+ Kd3 58. Be5 Rb6 59. Qd1+ Kc4 60. Qc2+ Kb5 61. Qe2+ Kc6 62. Qg4 Ra6 63. Qxg6+ Kb5 64. Qb1+ Kc6 65. h4 Rxa2 66. Qg6+ Kb5 67. h5 Ra6 68. Qe8+ Qc6 69. Qxc6+ Rxc6 70. g4 c4 71. Bc3 Ka4 72. g5 Kb3 73. Be5 b5 74. h6 b4 75. h7 Rc8 76. g6 c3 77. g7 c2 78. g8=Q+ Rc4 79. Qxc4+ Kxc4 80. h8=Q 1-0

[Event "*** Titled Tuesday Blitz"]
[Site "Chess.com"]
[Date "2021.04.06"]
[Round "3"]
[White "anon481216"]
[Black "maximych26"]
[Result "1-0"]
[WhiteElo "2516"]
[BlackElo "2247"]
[TimeControl "180+1"]
[EndTime "10:30:30 PDT"]
[Termination "anon481216 won on time"]

1. d4 Nf6 2. c4 c5 3. d5 b5 4.
cxb5 a6 5. b6 Qxb6 6. Nc3 d6 7.
Nf3 g6 8. h3 Bg7 9. e4 O-O 10.
Bd3 Ne8 11. O-O Nc7 12. Nd2 Nb5 13. Nc4 Qd8 14. Na4 Nd7 15. Bf4 Rb8 16. Qd2 Nd4 17.
Bh6 Rb4 18. Bxg7 Kxg7 19. b3 Nf6 20. Rae1 Bd7 21. Nab2 Ne8 22. e5 dxe5 23. Nxe5 Nd6 24. Nbc4 Bb5 25. Qc3 Bxc4 26. Bxc4 Nxc4 27. Nc6 Qxd5 28.
Nxb4 cxb4 29. Qxc4 Qxc4 30. bxc4 e6 31. Re4 Nc6 32. Rd1 Rc8 33. Rd7 Kf8 34. Rb7 a5 35. c5 h5 36. Rc4 Kg7 37. g4 hxg4 38. hxg4 Ne5 39. Rc2 Nxg4 40. c6 Nf6 41. c7 Nd5 42.
Ra7 Kf6 43. Rxa5 Rxc7 44. Rxc7 Nxc7 45. Kg2 Nd5 46. Kf3 Ke5 47. Ra7 f5 48. Rg7 Kf6 49.
Rg8 g5 50. Rf8+ Ke5 51. Rg8 g4+ 52. Ke2 Kf4 53. Re8 Ke5 54. Kd2 Kf6 55. Rb8 Ke5 56. Rb5 Kd4 57. Rb8 e5 58. Rg8 Ke4 59. Rg7 Kf3 60. Ke1 f4 61. Rd7 Nc3 62. a3 Na2 63.
Rd2 b3 64. a4 Nb4 65. a5 g3 66.
fxg3 fxg3 67. Kf1 e4 68. Rb2 Nd3 69. Rxb3 Ke3 70. Kg2 Kd2 71. Kxg3 Nc5 72. Rb1 e3 73. Kf3 e2 74. Rb2+ Kd1 75. Rxe2 Na6 76. Re6 1-0

[Event "*** Titled Tuesday Blitz"]
[Site "Chess.com"]
[Date "2021.04.06"]
[Round "3"]
[White "IriBu"]
[Black "c_r_e_e_p_e_r"]
[Result "1-0"]
[WhiteElo "2562"]
[BlackElo "2372"]
[TimeControl "180+1"]
[EndTime "10:30:31 PDT"]
[Termination "IriBu won on time"]

1. e4 c5 2. Nf3 Nc6 3. g3 e6 4. Bg2 d6 5. O-O Nf6 6. Re1 Be7 7. c3 O-O 8. d4 cxd4 9. Nxd4 Qc7 10. Na3 a6 11. Nac2 Bd7 12. h3 b5 13. a3 Rac8 14. f4 Rfd8 15. Be3 Na5 16. g4 Be8 17. Rb1 Nc4 18. Bf2 d5 19. e5 Ne4 20. Bxe4 dxe4 21. Ne3 Bc5 22. Nxc4 bxc4 23. Qe2 e3 24. Bxe3 Bxd4 25.
Bxd4 Bc6 26. f5 Qd7 27. Rf1 Qd5 28. Kh2 exf5 29. gxf5 Re8 30. Qg4 Rxe5 31. Bxe5 Qxe5+ 32. Qg3 Qe2+ 33. Rf2 Qe4 34. Rg1 g6 35. h4 Rd8 36. f6 h5 37. Qf4 Kh7 38. Qxe4 Bxe4 39. Rg5 Rd1 40. Re5 Bf5 41. Rc5 Be6 42. Ra5 Rd6 43. Kg3 Rd3+ 44. Rf3 Rd2 45. Rf2 Rd3+ 46. Kf4 Rh3 47. Rxa6 Rxh4+ 48. Ke5 Bg4 49. Ra7 Be6 50. a4 Rg4 51. a5 Rg5+ 52. Kd6 Rb5 53. a6 h4 54. Re2 Kh6 55. Rb7 Ra5 56. a7 Ra6+ 57. Ke7 h3 58. Kd8 g5 59. Kc7 g4 60. Kb8 g3 61.
Rxe6 fxe6 62. f7 Kg7 63. a8=Q Rxa8+ 64. Kxa8 g2 65. f8=Q+ Kxf8 66. Rb8+ Kf7 67. Rb7+ Kf6 68. Rh7 g1=Q 69. Rh6+ Kg5 70. Rxe6 h2 71. Re8 h1=Q+ 72. Kb8 Qf2 73. Rg8+ Kh6 74. Rh8+ Kg7 75. Rxh1 Qf4+ 76. Ka7 Qd2 77. Rg1+ Kf7 78. Rg4 Qd3 79. Rd4 Qe2 80. Kb6 1-0

[Event "*** Titled Tuesday Blitz"]
[Site "Chess.com"]
[Date "2021.04.06"]
[Round "3"]
[White "schondeln"]
[Black "Goryachkina"]
[Result "0-1"]
[WhiteElo "2381"]
[BlackElo "2635"]
[TimeControl "180+1"]
[EndTime "10:30:35 PDT"]
[Termination "Goryachkina won by resignation"]

1. e4 c5 2. Nf3 e6 3. b3 d5 4. Bb5+ Bd7 5. Qe2 Bxb5 6. Qxb5+ Qd7 7. Qxd7+ Nxd7 8. exd5 exd5 9. Bb2 Ngf6 10. O-O Bd6 11. Re1+ Kf8 12. Nc3 a6 13. a4 h6 14. Re2 Kg8 15.
Rae1 Kh7 16. h3 Rac8 17. d3 d4 18. Ne4 Nxe4 19. Rxe4 Nf6 20. R4e2 Nd5 21. g3 b6 22. Nd2 Rhd8 23. Nc4 Bc7 24. Kg2 Kg8 25. h4 f6 26. Bc1 Kf7 27. Bd2 Re8 28. Rxe8 Rxe8 29. Rxe8 Kxe8 30. Kf3 Kf7 31. h5 Ke6 32. Ke4 f5+ 33.
Kf3 Nf6 34. Bf4 Bxf4 35. gxf4 b5 36. axb5 axb5 37. Na3 b4 38. Nc4 Nxh5 39. Nd2 g5 40. fxg5 hxg5 41. Nc4 g4+ 42. Ke2 Nf4+ 43. Kd2 Nd5 44.
Ke2 Nc3+ 45. Kd2 f4 46. Nb6 Nb5 47. Nc4 Nd6 48. Na5 Kd5 49. Ke2 Ke5 50. Nc6+ Kf5 51. Ne7+ Kg5 52. Nd5 Nf5 53. Nc7 Ng7 54. Kf1 Kf5 55.
Kg2 Ne6 56. Nd5 Kg5 57. Kh2 Kh4 58. Kg2 Kh5 59. Kh2 Kg5 60. Kg2 Kf5 61. Ne7+ Kf6 62. Nd5+ Ke5 63. Ne7 Nd8 64. Ng6+ Kf5 65. Ne7+ Kf6 66.
Nd5+ Ke5 67. Nc7 Ne6 68. Ne8 Kf5 69. Nd6+ Ke5 70. Ne4 Kf5 71. Nd6+ Kg5 72. Ne4+ Kh4 73. Nd6 f3+ 74. Kg1 g3 75. fxg3+ Kxg3 76. Ne4+ Kf4 77. Kf2 Kg4 78. Nd6 Ng5 79. Nc4 Nh3+ 80. Kf1 Kg3 81.
Ne5 Nf4 82. Nd7 Ng2 83. Nxc5 Ne3+ 84. Ke1 f2+ 85. Ke2 f1=Q+ 0-1

[Event "*** Titled Tuesday Blitz"]
[Site "Chess.com"]
[Date "2021.04.06"]
[Round "3"]
[White "Natalya_Buksa"]
[Black "moro182"]
[Result "0-1"]
[WhiteElo "2515"]
[BlackElo "2736"]
[TimeControl "180+1"]
[EndTime "10:30:38 PDT"]
[Termination "moro182 won by resignation"]

1. d4 g6 2. Nc3 Bg7 3. e4 d6 4. Bg5 h6 5. Bh4 Nf6 6. e5 Nh7 7. f4 g5 8. Bg3 gxf4 9. Bxf4 Nc6 10. Bb5 a6 11. Bxc6+ bxc6 12. Nf3 Bg4 13. Qe2 Qd7 14. O-O-O Nf8 15. h3 Be6 16. g4 Ng6 17. Bg3 a5 18.
Rhe1 Rb8 19. Qa6 O-O 20. Kb1 Rb6 21. Qxa5 Rfb8 22. b3 Qc8 23. exd6 cxd6 24. Qh5 c5 25. Nd5 Bxd5 26. Qxd5 c4 27. Re3 cxb3 28. cxb3 Rb5 29. Qe4 Qa6 30. Rc1 Ra8 31. Re2 Rxb3+ 32. axb3 Qa1+ 33. Kc2 Rc8+ 34. Kd3 Qxc1 35. Rd2 Qb1+ 36.
Ke3 Qxb3+ 37. Kf2 Qc3 38. h4 e6 39. h5 Ne7 40. Bxd6 Nd5 41. Be5 Bxe5 42. Qxe5 Qc1 43. g5 Rc2 44. Qe2 Rxd2 45. Qxd2 Qxd2+ 46. Nxd2 hxg5 47. Ne4 f6 48. Kf3 Kg7 49. Nc5 Nc7 50. Ke4 Kh6 51.
Nd7 f5+ 52. Ke5 g4 53. Kf4 Kxh5 54. Nf8 Kh6 55. Nd7 Kg7 56. Kg5 Kf7 57. Ne5+ Ke7 58.
Kf4 Nd5+ 59. Kg5 Kd6 60. Nf7+ Kc6 61. Nd8+ Kd7 62. Nf7 Nc3 63. Ne5+ Kd6 64. Kf4 Kd5 65. Ng6 Kxd4 66. Nf8 Nd5+ 67. Kg3 Ke5 68. Nd7+ Kd6 69. Nf8 e5 70. Ng6 Ke6 71. Nf8+ Ke7 72. Ng6+ Kf6 73. Nf8 Nc3 74. Kh4 Ne2 75. Nd7+ Ke6 76. Nc5+ Kd5 77. Nd7 Nd4 78. Nf6+ Ke6 79. Ne8 e4 80. Kg3 Ke5 81. Ng7 Ne6 82. Nh5 e3 83. Kg2 Nf4+ 84.
Nxf4 Kxf4 0-1

[Event "*** Titled Tuesday Blitz"]
[Site "Chess.com"]
[Date "2021.04.06"]
[Round "3"]
[White "DenLaz"]
[Black "NoboaKevin1999"]
[Result "1/2-1/2"]
[WhiteElo "2824"]
[BlackElo "2480"]
[TimeControl "180+1"]
[EndTime "10:30:40 PDT"]
[Termination "Game drawn by agreement"]

1. d4 Nf6 2. c4 e6 3. Nf3 Bb4+ 4. Bd2 Qe7 5. g3 Nc6 6. Nc3 Bxc3 7. Bxc3 Ne4 8. Qc2 Nxc3 9. Qxc3 d6 10. d5 exd5 11. cxd5 Ne5 12. Nxe5 dxe5 13. Rc1 O-O 14. Bg2 Bg4 15.
h3 Bh5 16. Qxc7 Qb4+ 17. Qc3 Qb5 18. g4 Bg6 19. O-O Qxe2 20. Rfe1 Qa6 21. Qxe5 Qxa2 22. d6 Qb3 23. Rc7 Qa4 24. Rxb7 Rae8 25. Re7 Rd8 26. Qc5 Qa6 27. Rxa7 Qxd6 28. Qxd6 Rxd6 29. b4 Rd2 30. b5 Rb2 31. Bc6 Bd3 32. Rb7 g6 33. b6 Ba6 34.
Rc7 Rxb6 35. Ree7 Bc4 36. Bd7 Bd5 37. Re1 h6 38. Rd1 Bf3 39. Rd4 g5 40. Kh2 Rb1 41. Kg3 Ba8 42. f3 Rb3 43. Bc6 Bxc6 44. Rxc6 Kg7 45. Rc7 Rb6 46. Rd3 Rf6 47. h4 gxh4+ 48.
Kxh4 Rb8 49. Kg3 Rb1 50. Rc2 Rb4 51. Re2 Rbf4 52. Re5 Kg6 53. Rh5 Ra4 54. Rh3 Raf4 55. Kg2 Ra4 56. Rd5 Kg7 57. Rd3 Ra2+ 58. Kg3 Ra1 59.
Rh2 Ra4 60. Rc2 Raa6 61. Rc5 Rae6 62. Rh5 Ra6 63. Rd2 Ra3 64. Rf2 Rg6 65. Rf5 Rf6 66.
Re5 Rg6 67. Rfe2 Rf6 68. R2e3 Rxe3 69. Rxe3 Kg6 70. f4 Ra6 71. Kh4 f5 72. Rb3 fxg4 73.
Kxg4 h5+ 74. Kf3 Ra5 75. Kg3 Kf5 76. Rd3 h4+ 77. Kxh4 Kxf4 78. Rd4+ Ke5 79. Rg4 1/2-1/2

[Event "*** Titled Tuesday Blitz"]
[Site "Chess.com"]
[Date "2021.04.06"]
[Round "3"]
[White "Galileo22"]
[Black "NicoChasin"]
[Result "0-1"]
[WhiteElo "2444"]
[BlackElo "2730"]
[TimeControl "180+1"]
[EndTime "10:30:41 PDT"]
[Termination "NicoChasin won by checkmate"]

1. d4 Nf6 2. Bg5 d5 3. Nd2 Bf5 4. Ngf3 e6 5. e3 c6 6. Bd3 Bxd3 7. cxd3 Nbd7 8. O-O h6 9. Bh4 Be7 10. Qe2 O-O 11.
Rfc1 Nh5 12. Bxe7 Qxe7 13. Ne5 Nhf6 14. Ndf3 Rfc8 15. Rc3 Nf8 16. Rac1 Ne8 17. Nd2 f6 18. Nef3 Nd7 19. Nb3 Rc7 20. e4 Qf7 21. Nfd2 Nd6 22. a4 e5 23. dxe5 Nxe5 24. exd5 Qxd5 25. d4 Ng6 26. Re3 Nf4 27. Qf3 Qxf3 28. Nxf3 Nf5 29. Ree1 Nd3 30. Red1 Nxc1 31. Rxc1 Rd8 32. g3 Rcd7 33.
Kf1 Kf7 34. h4 Nxd4 35. Nbxd4 Rxd4 36. Nxd4 Rxd4 37. Ra1 Rb4 38. Ra2 a5 39. Ke2 Ke6 40. Kd2 Kd5 41. Kc2 Ke4 42. Ra3 Rc4+ 43. Kd2 Rd4+ 44.
Kc2 f5 45. Re3+ Kd5 46. b3 Kd6 47. Rf3 g6 48. h5 gxh5 49. Rxf5 h4 50. Rf6+ Kc5 51.
Rxh6 hxg3 52. fxg3 Rg4 53. Rh7 b6 54. Rh5+ Kd6 55.
Rh6+ Kd5 56. Rh5+ Kd6 57. Rh6+ Kc7 58. Rh3 Rg6 59. Kb2 Kd6 60. Ka3 Kd5 61. Kb2 Kd4 62. Rh4+ Ke3 63. Rh7 Kf3 64. Rb7 c5 65. Rc7 Kxg3 66.
Kc3 Kf4 67. Kc4 Ke5 68. Kb5 Kd4 69. Rd7+ Kc3 70. Rb7 Kxb3 71. Rxb6 Rxb6+ 72. Kxb6 c4 73. Kc5 c3 74. Kb5 c2 75. Kxa5 c1=Q 76. Kb6 Kxa4 77. Ka6 Qc6+ 78. Ka7 Kb5 79. Kb8 Qd7 80. Ka8 Kb6 81.
Kb8 Qd8# 0-1

[Event "*** Titled Tuesday Blitz"]
[Site "Chess.com"]
[Date "2021.04.06"]
[Round "3"]
[White "EfrenRamos1"]
[Black "Deepweb2020"]
[Result "1-0"]
[WhiteElo "2278"]
[BlackElo "2522"]
[TimeControl "180+1"]
[EndTime "10:30:56 PDT"]
[Termination "EfrenRamos1 won by checkmate"]

1. d4 c5 2. c3 Nf6 3. Nf3 d5 4.
Bf4 e6 5. e3 Bd6 6. Bg3 Qc7 7.
Nbd2 Nbd7 8. Bd3 O-O 9. Qe2 e5 10. Nxe5 Nxe5 11. dxe5 Bxe5 12. Bxe5 Qxe5 13. Nf3 Qd6 14.
h3 a6 15. Rd1 Be6 16. c4 Qe7 17. cxd5 Bxd5 18. Bc4 Bc6 19. O-O b5 20. Bd3 c4 21.
Bb1 Rad8 22. Nd4 Bb7 23. Nf5 Qe5 24. f4 Qe6 25. Nd4 Qb6 26. Kh2 Rfe8 27. Qf2 Be4 28. Bxe4 Nxe4 29. Qf3 b4 30. Qe2 c3 31. Rd3 a5 32.
Rfd1 cxb2 33. Qxb2 Qg6 34. g4 Nc3 35. R1d2 Qe4 36.
a3 Nd5 37. Nf5 f6 38. Rxd5 Rxd5 39. Qb3 Kh8 40. Qxd5 Qxd5 41. Rxd5 Rb8 42. axb4 axb4 43. Rd2 Kg8 44. Rb2 Kf7 45. Kg3 Ke6 46. e4 Kd7 47. Nxg7 Kc6 48. Nh5 Kc5 49. Nxf6 Kc4 50. Nxh7 Kc3 51. Rb1 Kc2 52. Rf1 b3 53. g5 b2 54. Rf2+ Kd3 55. Rxb2 Rxb2 56. e5 Ke4 57. e6 Rb7 58. Nf6+ Kf5 59. e7 Rxe7 60. Nd5 Re4 61. h4 Re1 62. Kf3 Rf1+ 63. Ke3 Rh1 64. Ne7+ Ke6 65.
Ng6 Kf5 66. Ne7+ Ke6 67. Ng6 Kf7 68. f5 Re1+ 69. Kf4 Rf1+ 70. Kg4 Rg1+ 71. Kh5 Rf1 72. f6 Rf5 73. Nh8+ Kg8 74. Kg6 Ra5 75. Nf7 Rb5 76. Nh6+ Kh8 77. h5 Rxg5+ 78. Kxg5 Kh7 79. f7 Kg7 80.
Kf5 Kh7 81. Ke6 Kg7 82. Ke7 Kh7 83. Nf5 Kh8 84. f8=Q+ Kh7 85. Qg7# 1-0

[Event "*** Titled Tuesday Blitz"]
[Site "Chess.com"]
[Date "2021.04.06"]
[Round "3"]
[White "noblerone"]
[Black "korbul"]
[Result "1-0"]
[WhiteElo "2395"]
[BlackElo "2555"]
[TimeControl "180+1"]
[EndTime "10:31:31 PDT"]
[Termination "noblerone won on time"]

1. d4 Nf6 2. Nf3 e6 3. Bg5 h6 4. Bh4 d5 5. Nbd2 c5 6. e3 Nc6 7. c3 Bd6 8. Bd3 Bd7 9. Qe2 Qb6 10. Rb1 cxd4 11. exd4 Nh5 12. Bg3 Nxg3 13. hxg3 Qc7 14. a3 O-O-O 15. O-O Kb8 16. b4 g5 17. Nb3 g4 18. Nh4 h5 19. Nc5 Bc8 20. a4 Be7 21. a5 Bxh4 22. gxh4 g3 23. fxg3 Qxg3 24. Qf2 Qxf2+ 25.
Rxf2 f5 26. Re1 Rh6 27. Rfe2 Rd6 28. Kf2 Ne7 29. g3 Ng8 30. Kf3 b6 31. axb6 axb6 32. Nb3 Nf6 33. Kf4 Rg6 34. Rg2 Rg4+ 35. Ke5 Ne8 36.
Nd2 Kc7 37. Rf1 Bd7 38. Rf4 Rg6 39. Nf3 Rc6 40. Ng5 Nd6 41. Rf1 Rxc3 42. Rc2 Nc4+ 43. Kf4 Rxd3 44. Rfc1 Rxd4+ 45. Kf3 e5 46. Nf7 Rd3+ 47. Kf2 Re6 48. Ng5 Re8 49. Nf3 e4 50.
Ne1 Ra3 51. Ke2 Rg8 52. Kf2 Rgxg3 53. b5 f4 54. Rd1 e3+ 55. Ke2 Rh3 56. Rd3 Rh2+ 57.
Kf3 Rxd3 58. Rxh2 Ne5+ 59. Kxf4 Nc4 60. Nxd3 e2 61. Rxe2 Bxb5 62. Ne5 Kd6 63. Nxc4+ Bxc4 64. Rg2 b5 65. Ke3 b4 66. Kd4 b3 67. Kc3 Ke6 68.
Rg5 Be2 69. Kxb3 Bg4 70. Kc3 Bf3 71. Kd2 d4 72. Kd3 Bg4 73. Kxd4 Kf6 74. Ke4 Ke6 75. Kf4 Kf6 76. Ra5 Kg6 77. Ra6+ Kf7 78. Kg5 Ke7 79.
Ra7+ Ke6 80. Ra8 Ke5 81. Re8+ Kd6 82. Re4 Kd5 83. Re3 Kd6 84. Kf6 Kd5 85. Rg3 Kd4 86. Kg5 Ke5 87. Re3+ Kd5 88. Kf6 Kd4 89. Re5 Kd3 90. Rg5 Kd4 91. Rg7 Ke4 92. Kg5 Kf3 93. Rc7 Ke3 94. Rc4 Kf3 95. Rf4+ Ke3 96. Rxg4 hxg4 97.
Kxg4 Ke4 98. Kg5 Kd5 99. Kg6 Ke6 100. h5 Ke7 101. Kg7 Ke6 102. h6 Kf5 103. h7 Kg5 104. h8=Q Kf5 105. Qf8+ Kg5 106. Qf6+ 1-0

[Event "*** Titled Tuesday Blitz"]
[Site "Chess.com"]
[Date "2021.04.06"]
[Round "3"]
[White "DeTimmerman"]
[Black "Aradhya2000"]
[Result "1-0"]
[WhiteElo "2839"]
[BlackElo "2602"]
[TimeControl "180+1"]
[EndTime "10:32:25 PDT"]
[Termination "DeTimmerman won by checkmate"]

1. b4 d5 2. Bb2 Nf6 3. b5 Bf5 4. e3 e6 5. a4 Be7 6. c4 O-O 7. Nf3 Nbd7 8. Be2 h6 9. O-O Nb6 10. cxd5 exd5 11. Nc3 Nc4 12. Bc1 a6 13. bxa6 bxa6 14.
Nd4 Bd7 15. Nxd5 Nxd5 16. Bxc4 Nb6 17. Be2 c5 18. Nf3 Bf6 19. d4 Re8 20. Bd2 cxd4 21. a5 dxe3 22. Bxe3 Nc8 23. Ra2 Be6 24. Qxd8 Rxd8 25.
Rd2 Nd6 26. Bb6 Ne4 27. Bxd8 Bxd8 28. Rc2 Bxa5 29. Rc6 Nc3 30. Bxa6 Bd5 31. Rc8+ Rxc8 32.
Bxc8 Ne2+ 33. Kh1 Bxf3 34. gxf3 Bc3 35. Ba6 Nf4 36. Bc4 Nh3 37. Rb1 g5 38. Rb7 Nxf2+ 39.
Kg2 Nd1 40. Bxf7+ Kh8 41. Bg6 Ne3+ 42. Kh1 Kg8 43. Be4 Be5 44. Rb6 Bg7 45. Bb1 Kf7 46.
Ba2+ Kf8 47. Rb7 Bd4 48. Rf7+ Ke8 49. Rh7 Nf5 50. Bb1 Nh4 51. Be4 Be3 52. Rxh6 Kf7 53.
Rc6 Ke7 54. h3 Kf7 55. Kh2 Bf4+ 56. Kg1 Be3+ 57. Kf1 Ke7 58. Ke2 Bf4 59. Kf2 Kd7 60. Rf6 Ke7 61. Ra6 Kd7 62. Ra2 Ke6 63. Ke2 Ng2 64. Kd3 Ne3 65. Ra6+ Ke5 66. Rh6 Nf1 67.
h4 Ng3 68. hxg5 Bxg5 69. Rg6 Kf4 70. Rg8 Nh5 71. Rf8+ Nf6 72. Bc6 Ke5 73. Rf7 Kd6 74.
Be4 Ke5 75. Rf8 Bh4 76. Rh8 Bg5 77. Rh1 Bf4 78. Rg1 Ke6 79. Ra1 Ke5 80. Ra6 Bg3 81. Ra5+ Ke6 82. Bf5+ Ke7 83. Ra7+ Kd6 84. Rf7 Ke5 85.
Bg4 Bh4 86. Rg7 Kf4 87. Rg6 Bg5 88. Kd4 Nxg4 89. fxg4 Kxg4 90. Ke4 Kh4 91. Kf5 Bd2 92. Rg2 Bc3 93. Kf4 Kh5 94. Rg3 Bd2+ 95. Kf5 Kh4 96. Rd3 Be1 97. Kf4 Kh5 98. Rd5+ Kg6 99.
Rg5+ Kf6 100. Rf5+ Kg6 101. Kg4 Bc3 102. Rc5 Bd4 103. Rc6+ Kf7 104. Kf5 Ke7 105. Ke4 Kd7 106. Rg6 Bc3 107. Kd5 Ke7 108. Rg3 Bf6 109. Re3+ Kf7 110. Rf3 Ke7 111. Rf1 Bg5 112. Rb1 Kf6 113. Ke4 Ke6 114. Rb6+ Ke7 115. Ke5 Bd2 116. Rb7+ Kd8 117. Ke6 Kc8 118.
Rf7 Bb4 119. Kd5 Kd8 120. Rb7 Bc3 121. Kd6 Kc8 122. Rc7+ Kb8 123. Rxc3 Kb7 124. Rb3+ Ka6 125. Kc5 Ka7 126. Kc6 Ka8 127. Kc7 Ka7 128. Ra3# 1-0

[Event "*** Titled Tuesday Blitz"]
[Site "Chess.com"]
[Date "2021.04.06"]
[Round "4"]
[White "gisela_roque"]
[Black "mariofs"]
[Result "0-1"]
[WhiteElo "1753"]
[BlackElo "2222"]
[TimeControl "180+1"]
[EndTime "10:33:58 PDT"]
[Termination "mariofs won by resignation"]

1. c4 c6 2. Nf3 d5 3. b3 Nf6 4. g3 Bf5 5. d3 e6 6. Bg2 h6 7. O-O Bh7 8. Bb2 Be7 9. Nbd2 O-O 10. e4 dxe4 11. dxe4 Nxe4 12. Nxe4 Bxe4 13. Qe2 Bd3 0-1

[Event "*** Titled Tuesday Blitz"]
[Site "Chess.com"]
[Date "2021.04.06"]
[Round "4"]
[White "NoGuru"]
[Black "Luibov_AN"]
[Result "1-0"]
[WhiteElo "2326"]
[BlackElo "2059"]
[TimeControl "180+1"]
[EndTime "10:34:39 PDT"]
[Termination "NoGuru won by resignation"]

1. Nf3 g6 2. d4 Bg7 3. c4 c5 4. e4 Nc6 5. d5 Nd4 6. Nxd4 cxd4 7. Nd2 e5 8. Nb3 d6 9. f4 f6 10. Bd3 Nh6 11. O-O O-O 12. c5 dxc5 13. Nxc5 b6 14. Ne6 Bxe6 15. dxe6 Qe7 16. f5 gxf5 17. exf5 Kh8 18.
Qh5 Nf7 19. exf7 1-0

[Event "*** Titled Tuesday Blitz"]
[Site "Chess.com"]
[Date "2021.04.06"]
[Round "4"]
[White "Bulldog167"]
[Black "english_player_89"]
[Result "1-0"]
[WhiteElo "2786"]
[BlackElo "2472"]
[TimeControl "180+1"]
[EndTime "10:34:42 PDT"]
[Termination "Bulldog167 won by resignation"]

1. c4 c6 2. e4 d5 3. exd5 cxd5 4.
d4 e6 5. Nc3 Nf6 6. Nf3 Be7 7.
Bd3 dxc4 8. Bxc4 O-O 9. O-O b6 10. Bg5 Bb7 11. Qe2 Nbd7 12. Rad1 h6 13. Bh4 Rc8 14. Bb3 Nd5 15. Bxd5 Rxc3 16. Bxe7 1-0